Map: Ice and Chrome LE

Players

maomao - Winner!

  • Race: Zerg Zerg
  • League: Gold
  • Spawn Location: 1:00

A.I. 1 (Harder)

  • Race: Protoss Protoss
  • Spawn Location: 7:00

VOD

Have the link to the VOD?

Description

Time

  • Played on: June 12, 2020, 1:50 p.m.
  • Length: 8:54
Show
View Real Time Build Order
Export as new Build Order

maomao Zerg - Winner!

Build Orders: Hatch First, Roach Hydra 

Get SALT Encoding   

  12  0:02  Drone  
  13  0:14  Overlord  
  13  0:19  Drone  
  14  0:32  Drone x2  
  16  0:51  Hatchery  
  16  0:55  Drone  
  16  0:57  Drone  
  17  1:00  Drone  
  18  1:11  Extractor  
  17  1:17  Spawning Pool  
  16  1:19  Drone  
  16  1:23  Drone  
  18  1:31  Drone  
  19  1:41  Drone  
  20  1:52  Overlord  
  20  2:04  Queen x2  
  20  2:05  Zergling x2  
  20  2:06  Zergling x2  
  26  2:15  Metabolic Boost  
  26  2:17  Drone x2  
  28  2:26  Drone x2  
  30  2:38  Drone  
  30  2:39  Overlord  
  31  2:45  Queen  
  31  2:48  Queen  
  35  2:53  Overlord  
  35  2:55  Drone  
  36  3:01  Drone x2  
  38  3:10  Drone x2  
  40  3:16  Drone x3  
  40  3:17  Drone  
  44  3:28  Extractor  
  44  3:30  Extractor  
  42  3:34  Evolution Chamber  
  42  3:36  Lair, Roach Warren  
  42  3:38  Drone  
  42  3:41  Drone  
  42  3:42  Drone  
  42  3:47  Drone x2  
  42  3:48  Drone  
  46  3:50  Drone  
  46  3:52  Drone  
  48  3:56  Overlord  
  48  4:00  Overlord  
  48  4:08  Zerg Missile Weapons Level 1  
  48  4:12  Drone x3  
  48  4:13  Drone  
  52  4:23  Overlord  
  52  4:24  Overlord  
  52  4:27  Roach x3  
  52  4:29  Roach  
  60  4:31  Roach  
  60  4:34  Roach  
  64  4:39  Glial Reconstitution  
  64  4:48  Hydralisk Den  
  64  4:51  Extractor  
  62  4:56  Drone x2  
  62  4:57  Drone x2  
  62  4:59  Roach x4  
  74  5:10  Overlord x2  
  74  5:26  Drone x2  
  74  5:28  Grooved Spines  
  76  5:29  Hydralisk x3  
  76  5:33  Hydralisk  
  84  5:38  Roach x2  
  84  5:40  Roach  
  84  5:42  Roach  
  92  5:43  Overlord  
  92  5:45  Overlord  
  92  6:05  Hydralisk x2  
  92  6:06  Roach x4  
  104  6:14  Overlord x2  
  104  6:16  Zerg Missile Weapons Level 2  
  104  6:28  Overlord  
  104  6:29  Overlord, Hydralisk  
  104  6:31  Roach  
  108  6:39  Muscular Augments  
  108  6:41  Overlord x2  
  108  6:42  Hydralisk x2  
  108  6:44  Roach  
  108  6:45  Roach  
  116  7:03  Roach x5  
  116  7:04  Roach  
  128  7:08  Overlord x2  
  118  7:21  Hydralisk x2  
  118  7:22  Roach x2  
  116  7:31  Hydralisk x2  
  116  7:33  Roach  
  116  7:34  Roach x2  
  126  7:44  Hydralisk x2  
  126  7:46  Roach x2  
  134  8:01  Hydralisk x2  
  134  8:02  Hydralisk x2  
  134  8:03  Roach  
  136  8:35  Lurker Den  
  141  8:54  Hatchery  
Show
View Real Time Build Order
Export as new Build Order

A.I. 1 (Harder) Protoss 

Build Orders: 1 Gate Expand 

Get SALT Encoding   

  12  0:00  Probe  
  13  0:13  Probe  
  14  0:20  Pylon  
  14  0:25  Probe  
  15  0:34  Probe  
  15  0:42  Probe  
  17  0:50  Gateway  
  17  1:08  Probe  
  17  1:11  Nexus  
  18  1:28  Pylon  
  18  1:31  Assimilator  
  18  1:40  Zealot  
  18  1:42  Cybernetics Core  
  18  1:43  Probe  
  21  1:55  Probe  
  22  2:04  Probe  
  22  2:06  Gateway  
  23  2:11  Stalker  
  23  2:15  Assimilator  
  23  2:20  Probe  
  25  2:22  Pylon  
  26  2:32  Probe  
  27  2:39  Warp Gate  
  27  2:40  Adept  
  29  2:50  Probe  
  30  2:53  Probe, Stalker  
  33  3:01  Probe  
  35  3:05  Probe  
  35  3:09  Probe  
  35  3:13  Gateway  
  35  3:17  Probe x2  
  37  3:25  Stalker  
  40  3:38  Stalker  
  42  3:50  Assimilator  
  42  3:54  Assimilator  
  42  3:55  Sentry  
  44  3:59  Pylon  
  44  4:06  Stargate  
  44  4:18  Probe  
  44  4:22  Probe  
  46  4:26  Probe  
  47  4:34  Probe  
  47  4:35  Robotics Facility  
  48  4:43  Probe  
  48  4:44  Pylon  
  49  4:48  Probe  
  49  4:52  Void Ray  
  54  4:55  Probe  
  54  4:59  Forge  
  55  5:00  Probe  
  56  5:07  Probe  
  56  5:12  Probe  
  58  5:15  Probe  
  59  5:23  Immortal, Probe x2  
  59  5:24  Pylon  
  65  5:31  Probe  
  65  5:33  Protoss Ground Weapons Level 1  
  65  5:37  Zealot  
  65  5:42  Probe  
  69  5:44  Probe  
  69  5:47  Pylon  
  70  5:50  Zealot  
  70  5:54  Probe  
  70  5:56  Probe  
  74  6:04  Stalker  
  74  6:06  Probe  
  74  6:08  Probe  
  74  6:10  Pylon  
  78  6:17  Stalker  
  80  6:18  Probe  
  80  6:25  Twilight Council  
  81  6:30  Pylon, Probe  
  81  6:31  Stalker  
  84  6:37  Probe  
  84  6:45  Stalker  
  86  6:53  Observer  
  87  6:57  Pylon  
  87  6:58  Stalker  
  87  6:59  Photon Cannon  
  89  7:04  Photon Cannon  
  89  7:07  Pylon  
  89  7:10  Pylon  
  89  7:11  Observer  
  89  7:12  Sentry  
  61  7:25  Void Ray  
  61  7:28  Immortal  
  40  7:53  Stalker  
  40  8:08  Void Ray  
  40  8:17  Zealot  
  34  8:27  Probe  
  34  8:31  Zealot  
  36  8:39  Probe  
  36  8:41  Pylon  
Tags
 
Add a new tag
Caveats
  • Supply blocks, unpowered buildings, or Contaminate may cause inaccurate times.
  • Supply counts are checked every 10 seconds.